 Dungeon Crawl Stone Soup version 0.28-a0-595-g9f6c0e134a (webtiles) character file.

Game seed: 1377181129921074850

704 iamoutofideas the Cleaver (level 7, 0/61 HPs)
             Began as a Hill Orc Berserker on Oct 4, 2021.
             Was a Priest of Trog.
             Slain by a sky beast (5 damage)
             ... on level 5 of the Dungeon.
             The game lasted 00:05:16 (6207 turns).

iamoutofideas the Cleaver (Hill Orc Berserker)      Turns: 6207, Time: 00:05:17

Health: 0/61       AC:  7    Str: 22    XL:     7   Next: 66%
Magic:  7/7        EV: 11    Int:  7    God:    Trog [***...]
Gold:   244        SH:  0    Dex: 10    Spells: 6/6 levels left

rFire   . . .      SeeInvis .   a - +0 hand axe
rCold   . . .      Faith    .   (no shield)
rNeg    . . .      Spirit   .   j - +0 ring mail
rPois   .          Reflect  .   p - +1 helmet
rElec   .          Harm     .   (no cloak)
rCorr   .          Rampage  .   (no gloves)
Will    .....                   (no boots)
Stlth   ..........              (no amulet)
HPRegen 0.20/turn               (no ring)
MPRegen 0.10/turn               (no ring)

@: no status effects
A: no striking features
a: Renounce Religion, Berserk, Trog's Hand


You were on level 5 of the Dungeon.
You worshipped Trog.
Trog was most pleased with you.
You visited 1 branch of the dungeon, and saw 5 of its levels.

You collected 244 gold pieces.

Inventory:

Hand Weapons
 a - a +0 hand axe (weapon)
 c - a +4 vampiric spear
 t - a +0 war axe
 w - a +3 vorpal war axe
Armour
 b - a +0 animal skin
 j - a +0 ring mail (worn)
 p - a +1 helmet (worn)
Wands
 s - a wand of flame (22)
Scrolls
 e - 2 scrolls of noise {unknown}
 f - 4 scrolls of teleportation {unknown}
 i - 2 scrolls of immolation {unknown}
 k - a scroll of magic mapping {unknown}
 n - a scroll of identify
 q - a scroll of vulnerability {unknown}
Potions
 d - 2 potions of attraction
 g - a potion of heal wounds {unknown}
 h - 2 potions of haste
 l - a potion of degeneration
 m - a potion of flight {unknown}
 o - 2 potions of lignification
 r - 2 potions of magic {unknown}
 u - a potion of mutation {unknown}
 v - a potion of berserk rage {unknown}
 x - 2 potions of curing


   Skills:
 + Level 5.4 Fighting
 * Level 10.1 Axes
 - Level 2.4 Armour
 - Level 2.1 Dodging


You had 6 spell levels left.
You didn't know any spells.
Your spell library was empty.

Dungeon Overview and Level Annotations

Branches:
Dungeon (5/15)
 Temple: D:4-7

Altars:
Ashenzari


Message History

You start resting.
You recover from your berserk rage.
You start resting.
HP restored.
A sky beast comes into view.
A sky beast is nearby!
A sky beast is nearby!
A sky beast is nearby!
A sky beast is nearby!
The sky beast flickers out of sight!
Deactivating autopickup; reactivate with Ctrl-A.
Something hits you but does no damage.
You hit something. You barely miss something.
Something hits you but does no damage.
You barely miss something. Something hits you but does no damage.
You miss something. Something hits you but does no damage.
You slash something! Something hits you but does no damage.
You hit something. You closely miss something.
Something hits you but does no damage.
You closely miss something. Something hits you but does no damage.
You closely miss something. Something hits you but does no damage.
You hit something. Something hits you. Something shocks you.
You closely miss something. You miss something.
Something hits you but does no damage.
You miss something. Something hits you. Something shocks you.
You miss something. Something hits you. Something shocks you.
You completely miss something. Something hits you. Something shocks you.
You closely miss something. You slash something! Something hits you.
Something shocks you.
You hit something. Something hits you. Something shocks you.
* * * LOW HITPOINT WARNING * * *
You completely miss something. Something hits you.
* * * LOW HITPOINT WARNING * * *
Something shocks you.
* * * LOW HITPOINT WARNING * * *
You closely miss something. You hit something. Something hits you.
* * * LOW HITPOINT WARNING * * *
Something shocks you.
You die...

###### #######....
.........#########
#..........#
..#######.########.#
.......@..# #.#
..#######.# ##.# #.#
#..# # #.# ##.##.#
.## #.######.#.#.# #
..# #.......###..
##. #. #.# ###
#.######.#.### ..#
#.# #.# #..
..........#
..##.#.##.# #.#
#.#######.#


There were no monsters in sight!

Vanquished Creatures
  A steam dragon (D:5)
  A black bear (D:5)
  Blork the orc (D:5)
  A scorpion (D:5)
  A water moccasin skeleton (D:4)
  A centaur skeleton (D:5)
  Jessica (D:2)
  An iguana (D:5)
  An orc wizard (D:4)
  A hound skeleton (D:4)
  Robin (D:4)
  7 adders
  A howler monkey skeleton (D:4)
  An adder skeleton (D:4)
  A worm (D:4)
  11 orcs
  9 ball pythons
  8 endoplasms
  A giant cockroach (D:2)
  16 goblins
  7 hobgoblins
  5 jackals
  7 kobolds
  7 quokkas
  7 bats
  2 frilled lizards
  5 rats
106 creatures vanquished.

Notes
Turn   | Place    | Note
-------+----------+-------------------------------------------
     0 | D:1      | iamoutofideas the Hill Orc Berserker began the quest for
                  | the Orb.
     0 | D:1      | Reached XP level 1. HP: 19/19 MP: 1/1
   251 | D:1      | Reached XP level 2. HP: 27/27 MP: 2/2
   683 | D:1      | Reached XP level 3. HP: 10/33 MP: 3/3
   961 | D:1      | Reached ** piety under Trog
  1071 | D:1      | Reached skill level 5 in Axes
  1837 | D:2      | Reached XP level 4. HP: 40/40 MP: 4/4
  2317 | D:2      | Noticed Jessica
  2326 | D:2      | Killed Jessica
  2327 | D:2      | Reached skill level 6 in Axes
  2841 | D:3      | Found a broken altar of Ashenzari.
  3056 | D:3      | Reached XP level 5. HP: 40/46 MP: 5/5
  4139 | D:4      | Noticed Robin
  4148 | D:4      | Reached *** piety under Trog
  4150 | D:4      | Reached skill level 7 in Axes
  4427 | D:4      | Killed Robin
  4565 | D:4      | Reached XP level 6. HP: 35/53 MP: 6/6
  4845 | D:4      | Reached skill level 8 in Axes
  5330 | D:5      | Entered Level 5 of the Dungeon
  5521 | D:5      | Noticed Blork the orc
  5529 | D:5      | Killed Blork the orc
  5530 | D:5      | Reached skill level 5 in Fighting
  5530 | D:5      | Reached XP level 7. HP: 61/61 MP: 7/7
  5576 | D:5      | Reached skill level 9 in Axes
  6064 | D:5      | Noticed a steam dragon
  6077 | D:5      | Killed a steam dragon
  6078 | D:5      | Reached skill level 10 in Axes
  6207 | D:5      | Slain by a sky beast

Illustrated notes

Levels and vault maps discovered:
D:1:      minmay_arrival_four_circles, layout_basic, st_stairs_9
D:2:      layout_loops_ring, uniq_jessica
D:3:      layout_loops_corners, ashenzari_altar_1
D:4:      layout_loops_ring, uniq_robin
D:5:      layout_loops_ring, hangedman_decor_points, grunt_decor_arrowhead,
          grunt_decor_one_mirror, uniq_blork_the_orc

Skill      XL: |  1  2  3  4  5  6  7 |
---------------+----------------------+-----
Dodging        | 2 |  2.1
Axes           | 5 6 7 8 10 | 10.1
Fighting       | 4 5 |  5.4
Armour         | |  2.4

Action                   |  1- 3 |  4- 6 |  7- 9 || total
-------------------------+-------+-------+-------++-------
Melee: Hand axe          |    99 |   235 |    54 ||   388
Invok: Berserk           |     2 |     4 |     1 ||     7
  Use: Potion            |       |     1 |       ||     1
       Scroll            |       |     3 |       ||     3
Armor: Animal skin       |    30 |       |       ||    30
       Ring mail         |    16 |    82 |    27 ||   125
Dodge: Dodged            |    96 |   153 |    18 ||   267

Table legend: (Time is in decaauts)
 A = Elapsed time spent in this place.
 B = Non-inter-level travel time spent in this place.
 C = Inter-level travel time spent in this place.
 D = Time resting spent in this place.
 E = Time spent auto-exploring this place.
 F = Levels seen in this place.
 G = Mean time per level.
                   A        B        C        D        E       F      G
               +--------+--------+--------+--------+--------+-----+--------+
         Total |   6251 |   6088 |    163 |   1365 |   3887 |   5 | 1250.2 |
       Dungeon |   6251 |   6088 |    163 |   1365 |   3887 |   5 | 1250.2 |
               +--------+--------+--------+--------+--------+-----+--------+

Top non-repeatable levels by time:
     D:3: 1626 daAuts
     D:1: 1559 daAuts
     D:2: 1223 daAuts
     D:4: 963 daAuts
     D:5: 877 daAuts
